 Dungeon Crawl Stone Soup version 0.31-a0-115-g4708a659fe (webtiles) character file.

Game seed: 13936220845775166983

4727 nomicflux the Fighter (level 10, 0/88 HPs)
             Began as a Green Draconian Conjurer on May 28, 2023.
             Was a Believer of Vehumet.
             Killed from afar by an efreet (18 damage)
             ... with a fireball
             ... on level 8 of the Dungeon on May 30, 2023.
             The game lasted 00:34:36 (8958 turns).

nomicflux the Fighter (Green Draconian Conjurer)    Turns: 8958, Time: 00:34:37

Health: 0/88       AC: 10    Str:  9    XL:     10   Next: 22%
Magic:  27/34      EV: 12    Int: 23    God:    Vehumet [**....]
Gold:   383        SH:  0    Dex: 10    Spells: 5/17 levels left

rFire   . . .        c - +4 triple crossbow of Annoyance {penet, rPois}
rCold   . . .        (shield currently unavailable)
rNeg    + . .        (body armour unavailable)
rPois   +            (helmet restricted)
rElec   .            s - +2 cloak of Miracles {Drain rN+ MP+9}
rCorr   .            (no gloves)
SInv    .            (no boots)
Will    .....        (no amulet)
Stlth   ++           d - ring of magical power
HPRegen 0.34/turn    (no ring)
MPRegen 0.24/turn

%: no passive effects
@: short of breath
A: breathe noxious fumes, AC +7, unfitting armour, poison resistance,
cold-blooded
a: Breathe Noxious Fumes, Renounce Religion


You were on level 8 of the Dungeon.
You worshipped Vehumet.
Vehumet was pleased with you.
You visited 2 branches of the dungeon, and saw 9 of its levels.
You also visited: Sewer.

You collected 383 gold pieces.

Inventory:

Hand Weapons
 c - the +4 triple crossbow of Annoyance (weapon) {penet, rPois}
   (You acquired it on level 3 of the Dungeon)

   rPois:     It protects you from poison.
 e - a +0 spear
 g - a +0 dagger
 l - a +2 vampiric short sword
Armour
 s - the +2 cloak of Miracles (worn) {Drain rN+ MP+9}
   (You acquired it on level 5 of the Dungeon)

   rN:        It protects you from negative energy.
   MP:        It affects your magic capacity (+9).
   Drain:     It drains your maximum health when unequipped.
Jewellery
 d - a ring of magical power (left hand)
 k - the ring of Wishful Thinking {Fly rF+ Int+3}
   (You took it off an orc on level 4 of the Dungeon)

   [ring of flight]

   Int:       It affects your intelligence (+3).
   rF:        It protects you from fire.
   Fly:       It grants you flight.
 n - a +6 ring of intelligence
Wands
 q - a wand of paralysis (5)
 r - a wand of digging (4)
 x - a wand of light (8)
Scrolls
 f - 2 scrolls of silence
 i - 2 scrolls of vulnerability
 o - 2 scrolls of acquirement
 p - 2 scrolls of blinking
 t - a scroll of amnesia {unknown}
 w - a scroll of poison
 y - a scroll of immolation {unknown}
 B - a scroll of teleportation
 D - a scroll of fear {unknown}
Potions
 a - a potion of magic
 b - 6 potions of enlightenment
 h - a potion of mutation {unknown}
 j - 2 potions of attraction
 m - a potion of curing
 u - 2 potions of lignification {unknown}
 v - a potion of resistance {unknown}
 z - a potion of berserk rage {unknown}
 A - a potion of invisibility {unknown}
 C - a potion of might {unknown}


   Skills:
 + Level 8.0 Fighting
 + Level 6.6 Ranged Weapons
 - Level 1.7 Dodging
 - Level 1.7 Stealth
 + Level 4.4 Spellcasting
 + Level 7.3 Conjurations
 - Level 4.0 Hexes
 + Level 6.2 Earth Magic


You had 5 spell levels left.
You knew the following spells:

 Your Spells              Type           Power      Damage    Failure   Level
a - Magic Dart            Conj           100%       1d8       1%          1
b - Searing Ray           Conj           76%        2d7       1%          2
c - Passwall              Tmut/Erth      15%        N/A       4%          2
d - Fulminant Prism       Conj/Hex       15%        3d10      10%         4
e - Stone Arrow           Conj/Erth      72%        3d11      1%          3

Your spell library contained the following spells:

 Spells                   Type           Power      Damage    Failure   Level
 Dazzling Flash           Conj/Hex       62%        N/A       3%          3
 Ensorcelled Hibernation  Hex/Ice        28%        N/A       7%          2
 Hailstorm                Conj/Ice       21%        3d6       7%          3
 Freeze                   Ice            20%        1d4       10%         1
 Leda's Liquefaction      Hex/Erth       14%        N/A       12%         4
 Iskenderun's Mystic Bla  Conj/Tloc      21%        2d6       22%         4
 Lee's Rapid Deconstruct  Erth           16%        3d10*     22%         5
 Frozen Ramparts          Ice            10%        1d2       30%         3
 Swiftness                Air            5%         N/A       30%         3
 Leda's Unmaking          Conj/Erth      18%        9d4       67%         6
 Statue Form              Tmut/Erth      12%        N/A       99%         6


Dungeon Overview and Level Annotations

Branches:
Dungeon (8/15)             Temple (1/1) D:4           Sewer (visited)
   Lair: D:8-11

Altars:
Ashenzari
Cheibriados
Dithmenos
Elyvilon
Gozag
Hepliaklqana
Nemelex Xobeh
Okawaru
Qazlal
Sif Muna
Trog
Uskayaw
Vehumet
Wu Jian
Xom
Zin
The Shining One

Annotations:
D:6 3 runed translucent doors, thug444's ghost, novice DsFi


Innate Abilities, Weirdness & Mutations

You can breathe blasts of noxious fumes.
Your lurid green scales are hard. (AC +7)
You cannot fit into any form of body armour.
Your system is resistant to poisons. (rPois)
You are cold-blooded and may be slowed by cold attacks.


Message History

Your Fighting skill increases to level 8!
Your Earth Magic skill increases to level 6!
You start resting.
An efreet comes into view.
It is wielding a +0 scimitar of flaming.
Fire: c) +4 triple crossbow of Annoyance {penet, rPois}
Press: ? - help, Q - select action, (/) - cycle Shift-Dir - straight line, f - efreet
Aim: an efreet, wielding a +0 scimitar of flaming (81% to hit)
You shoot a bolt. The bolt pierces through the efreet.
The efreet is lightly wounded.
The efreet gestures at you. The bolt of fire hits you!!
You can't do that yet.
Unknown command.
Fire: c) +4 triple crossbow of Annoyance {penet, rPois}
Press: ? - help, Q - select action, (/) - cycle Shift-Dir - straight line, f/p - efreet
Aim: an efreet, wielding a +0 scimitar of flaming (lightly wounded, 81% to hit)
You shoot a bolt. The bolt pierces through the efreet!!
The efreet is severely wounded.
The efreet gestures at you. The bolt of fire hits you!
The efreet drinks a potion.
The efreet seems to speed up.
Fire: c) +4 triple crossbow of Annoyance {penet, rPois}
Press: ? - help, Q - select action, (/) - cycle Shift-Dir - straight line, f/p - efreet
Aim: an efreet, wielding a +0 scimitar of flaming (severely wounded, fast, 81% to hit)
You shoot a bolt. The bolt barely misses the efreet.
The efreet gestures at you. The bolt of fire hits you!
The efreet gestures at you.
The fireball explodes!
The fireball engulfs you!
Casting: Fulminant Prism (dangerous; 10% risk of failure)
Confirm with . or Enter, or press ? or * to list all spells.
You can't see any susceptible monsters within range! (Use Z to cast anyway.) Unknown command.
The efreet gestures at you. The bolt of fire hits you!!
* * * LOW HITPOINT WARNING * * *
You feel better. The efreet gestures at you.
The fireball explodes!
The fireball engulfs you!!
You die...

#######.#.##.#.#
#####
######.#.##.#.###....
#.....<..............
#.###...#####.###.###
#.#.............#.#
#.....###...).#.#.#
#.#.#.# #.....#...#
#.#.#.###.....#######
#>..@................
###.#######.####.###.
#.# #.# #.###. #.#
#.# #...#. #R#
#.######.#. #☼#
#......#...
#°############.####
#...........##.#
#°#########.##.#


You could see an efreet (fast).

Vanquished Creatures
  A two-headed ogre (D:8)
  A komodo dragon (D:8)
  A hornet (D:8)
  Sigmund (D:3)
  A yak (D:8)
  A wyvern (D:7)
  Edmund (D:5)
  A water moccasin (D:8)
  3 orc warriors (D:8)
  2 black bears (D:4)
  An ice beast (D:6)
  4 centaurs
  4 kobold brigands
  4 bullfrogs
  2 scorpions
  A gnoll sergeant (D:7)
  4 wights (D:8)
  A killer bee (shapeshifter) (D:8)
  4 killer bees (D:7)
  3 howler monkeys (D:7)
  2 jellies
  2 hounds
  3 orc priests
  7 iguanas
  Natasha (thrice) (D:3)
  Ijyb (D:3)
  5 orc wizards
  Robin (D:2)
  10 gnolls
  13 adders
  7 river rats (Sewer)
  A white imp (D:3)
  2 worms
  A dart slug (D:2)
  20 orcs
  8 bats
  3 endoplasms
  3 giant cockroaches
  11 goblins
  10 hobgoblins
  5 jackals
  2 quokkas
  14 ball pythons
  6 frilled lizards
  20 kobolds
  3 rats
204 creatures vanquished.

Vanquished Creatures (others)
  2 fulminant prisms (D:8)
2 creatures vanquished.

Grand Total: 206 creatures vanquished

Notes
Turn   | Place    | Note
-------+----------+-------------------------------------------
     0 | D:1      | nomicflux the Draconian Conjurer began the quest for the
                  | Orb.
     0 | D:1      | Reached XP level 1. HP: 14/14 MP: 3/3
   595 | D:1      | Reached XP level 2. HP: 20/20 MP: 3/5
   598 | D:1      | Learned a level 2 spell: Searing Ray
  1295 | D:2      | Noticed Robin
  1345 | D:2      | Reached skill level 1 in Fighting
  1345 | D:2      | Reached XP level 3. HP: 28/28 MP: 3/6
  1515 | D:2      | Killed Robin
  1916 | D:2      | Reached XP level 4. HP: 36/36 MP: 0/7
  2234 | D:3      | Identified a scroll of acquirement
  2234 | D:3      | Acquired the +4 triple crossbow of Annoyance {penet, rPois}
  2280 | D:3      | Noticed Natasha
  2297 | D:3      | Killed Natasha
  2298 | D:3      | Reached skill level 2 in Fighting
  2298 | D:3      | Reached skill level 5 in Conjurations
  2337 | D:3      | Noticed Sigmund
  2359 | D:3      | Killed Sigmund
  2360 | D:3      | Reached skill level 3 in Fighting
  2360 | D:3      | Reached XP level 5. HP: 22/45 MP: 6/9
  2360 | D:3      | Reached XP level 6. HP: 25/51 MP: 6/10
  2452 | D:3      | Found a glowing drain.
  2463 | Sewer    | Entered a sewer
  3259 | D:3      | Found an ornate altar of the Wu Jian Council.
  3265 | D:3      | Noticed a spectral centipede
  3265 | D:3      | Noticed a spectral black mamba
  3265 | D:3      | Noticed a spectral cane toad
  3541 | D:3      | Noticed Natasha
  3544 | D:3      | Killed Natasha
  3653 | D:3      | Noticed Ijyb
  3661 | D:3      | Killed Ijyb
  3718 | D:3      | Identified the +8 dagger "Piuga" {freeze, rN+ Dex+3}
  3871 | D:3      | Noticed Natasha
  3875 | D:3      | Killed Natasha
  3876 | D:3      | Your scales start taking on a lurid green colour.
  3876 | D:3      | Reached XP level 7. HP: 58/58 MP: 11/11
  3876 | D:3      | Gained mutation: Your system is resistant to poisons.
                  | (rPois) [Green Draconian growth]
  3885 | D:3      | Learned a level 2 spell: Passwall
  3890 | D:3      | Learned a level 4 spell: Fulminant Prism
  4080 | D:4      | Reached skill level 4 in Fighting
  4266 | D:4      | Found a staircase to the Ecumenical Temple.
  4277 | Temple   | Entered the Ecumenical Temple
  4482 | Temple   | Became a worshipper of Vehumet
  4535 | D:4      | Reached skill level 1 in Earth Magic
  4646 | D:4      | Identified the ring of Wishful Thinking {Fly rF+ Int+3}
  5434 | D:5      | Entered Level 5 of the Dungeon
  5461 | D:5      | Noticed Edmund
  5480 | D:4      | Reached skill level 1 in Hexes
  5516 | D:5      | Reached skill level 5 in Fighting
  5516 | D:5      | Reached XP level 8. HP: 68/68 MP: 8/12
  5516 | D:5      | Killed Edmund
  5830 | D:5      | Reached * piety under Vehumet
  5830 | D:5      | Offered knowledge of Foxfire by Vehumet.
  5968 | D:5      | Found a glowing silver altar of Zin.
  6017 | D:5      | Identified the +7 chain mail of Lanluilu {Harm}
  6269 | D:5      | Found a stormy altar of Qazlal.
  6276 | D:5      | Acquired the +2 cloak of Miracles {Drain rN+ MP+9}
  6345 | D:6      | Found a runed translucent gate.
  6345 | D:6      | Identified the +0 plate armour of Ignis's Grace {rF+ Regen+
                  | Str-5}
  6347 | D:6      | Found a runed translucent gate.
  6348 | D:6      | Noticed thug444's ghost (novice DsFi)
  6349 | D:6      | Found a runed translucent gate.
  6367 | D:6      | Identified the +8 short sword "Giant's Demise" {heavy,
                  | Dex+3 SInv}
  6477 | D:6      | Upgraded the game from 0.31-a0-112-gdf0485fa37 to
                  | 0.31-a0-115-g4708a659fe
  6687 | D:6      | Reached skill level 6 in Fighting
  6690 | D:6      | Reached skill level 5 in Ranged Weapons
  7525 | D:7      | Reached XP level 9. HP: 78/78 MP: 13/13
  7586 | D:7      | Found a hide-covered altar of Uskayaw.
  7642 | D:7      | Found a white marble altar of Elyvilon.
  7642 | D:7      | Found an iron altar of Okawaru.
  7642 | D:7      | Found an opulent altar of Gozag.
  7795 | D:7      | Reached ** piety under Vehumet
  7818 | D:7      | Offered knowledge of Poisonous Vapours by Vehumet.
  7893 | D:7      | Found a glowing golden altar of the Shining One.
  8300 | D:8      | Reached skill level 7 in Fighting
  8300 | D:8      | Reached skill level 5 in Earth Magic
  8357 | D:8      | Noticed a komodo dragon
  8420 | D:8      | Killed a komodo dragon
  8791 | D:8      | Offered knowledge of Stone Arrow by Vehumet.
  8796 | D:8      | Learned a level 3 spell: Stone Arrow
  8836 | D:8      | Reached XP level 10. HP: 83/88 MP: 16/16
  8932 | D:8      | Noticed a two-headed ogre
  8949 | D:8      | Killed a two-headed ogre
  8950 | D:8      | Reached skill level 8 in Fighting
  8958 | D:8      | Killed from afar by an efreet

Illustrated notes

Levels and vault maps discovered:
D:1:      evilmike_arrival_plus, layout_loops_ring
D:2:      layout_basic, uniq_robin
D:3:      layout_basic, pdpol_wu_jian_five_deadly_venoms, portal_sewer_entry_d,
          st_stairs_3, chequers_serial_rivers_room_b, uniq_ijyb, uniq_natasha,
          uniq_sigmund
D:4:      black_bear_nest_1, layout_cave_pods, minmay_temple_entry_ruins,
          chequers_serial_rivers_small_b
D:5:      layout_loops_ring, mainiacjoe_overflow_swirl, uniq_edmund
D:6:      layout_basic, biasface_ghost_orc_armoury, kennysheep_doodads
D:7:      layout_basic, nicolae_tso_carved_into_rock,
          chequers_temple_overflow_statue_of_worship, minmay_misc_feat_diagonals
D:8:      cheibrodos_fzero, layout_basic, grunt_lair_entry_orc_guard_hut,
          uniq_maurice
Temple:   hellmonk_temple_forest_ring

Skill      XL: |  1  2  3  4  5  6  7  8  9 10 |
---------------+-------------------------------+-----
Fighting       | 1 3 5 6 7 8 |  8.0
Conjurations   | 5 6 7 |  7.3
Ranged Weapons | 2 3 4 5 6 |  6.6
Spellcasting   | 3 4 |  4.4
Earth Magic    | 2 4 5 6 |  6.2
Hexes          | 1 3 4 |  4.0
Dodging        | |  1.7
Stealth        | |  1.7

Action                     |  1- 3 |  4- 6 |  7- 9 | 10-12 || total
---------------------------+-------+-------+-------+-------++-------
  Melee: Dagger            |     5 |       |       |       ||     5
         Tailslap          |     3 |       |       |       ||     3
         Short sword       |    10 |       |       |       ||    10
   Fire: Triple crossbow   |       |    43 |   105 |     5 ||   153
   Cast: Magic Dart        |    45 |    18 |     7 |       ||    70
         Searing Ray       |     9 |    20 |    55 |     4 ||    88
         Passwall          |       |       |     4 |       ||     4
         Fulminant Prism   |       |       |       |     2 ||     2
Ability: Breathe Noxious F |       |       |    12 |     1 ||    13
    Use: Scroll            |       |     6 |     6 |       ||    12
         Potion            |       |       |       |     1 ||     1
 Armour: Skin              |    11 |    24 |    32 |     5 ||    72
  Dodge: Dodged            |    22 |    49 |    59 |     8 ||   138

Table legend: (Time is in decaauts)
 A = Elapsed time spent in this place.
 B = Non-inter-level travel time spent in this place.
 C = Inter-level travel time spent in this place.
 D = Time resting spent in this place.
 E = Time spent auto-exploring this place.
 F = Levels seen in this place.
 G = Mean time per level.
                   A        B        C        D        E       F      G
               +--------+--------+--------+--------+--------+-----+--------+
         Total |   9313 |   9112 |    201 |   2167 |   4731 |  10 |  931.3 |
       Dungeon |   8128 |   7936 |    192 |   1983 |   4177 |   8 | 1016.0 |
        Temple |    224 |    215 |      9 |      0 |    133 |   1 |  224.0 |
         Sewer |    960 |    960 |      0 |    184 |    421 |   1 |  960.0 |
               +--------+--------+--------+--------+--------+-----+--------+

Top non-repeatable levels by time:
     D:2: 1343 daAuts
     D:4: 1234 daAuts
     D:6: 1180 daAuts
     D:3: 1072 daAuts
   Sewer: 960 daAuts
     D:5: 898 daAuts
     D:1: 882 daAuts
     D:8: 810 daAuts
     D:7: 706 daAuts
  Temple: 224 daAuts
